TOP OF THE 1ST |
Frederick Keys batting - Pitching for Lynchburg Hillcats : RHP Nick Pereira
|
Pitching: RHP Nick Pereira
|
|
Batting: RHB Jose Reguera
|
0-0: Ball 1-0: Ball 2-0: Ball 3-0: Base on Balls
|
Batting: RHB Aneury Almonte
|
0-0: Ball 1-0: Ball 2-0: Bunt - Flyout to 13S! F1
|
Batting: RHB Jose Guzman
|
0-0: Called Strike 0-1: Foul Ball, location: 2F 0-2: Fly out, F8 (Flyball, 8LD, EV 98.8 MPH)
|
Batting: RHB Nelson Martinez
|
0-0: Ball 1-0: Swinging Strike 1-1: Ball 2-1: Swinging Strike 2-2: Strikes out swinging
|
Top of the 1st over - 0 runs, 0 hits, 0 errors, 1 left on base; Frederick 0 - Lynchburg 0 |
BOTTOM OF THE 1ST |
Lynchburg Hillcats batting - Pitching for Frederick Keys : RHP Nick DeBarr
|
Pitching: RHP Nick DeBarr
|
|
Batting: LHB James Cooper
|
0-0: Ball 1-0: Called Strike 1-1: Ball 2-1: Called Strike 2-2: Ball 3-2: Ground out 4-3 (Groundball, 4, EV 101.3 MPH)
|
Batting: RHB Chris Hall
|
0-0: Ball 1-0: Called Strike 1-1: Swinging Strike 1-2: Ball 2-2: Foul Ball, location: 9LSF 2-2: Reached on error, E5 (Groundball, 5, EV 81.3 MPH)
|
Batting: RHB Grant Psomas
|
0-0: Swinging Strike 0-1: Swinging Strike 0-2: Strikes out swinging
|
Batting: LHB Jason Mooneyham
|
0-0: Called Strike 0-1: Ball 1-1: Ball 2-1: Called Strike 2-2: Ball 3-2: Base on Balls Chris Hall to second
|
Batting: RHB Scott Beshears
|
0-0: Called Strike 0-1: Ball 1-1: Ball Wild Pitch! Chris Hall to third Jason Mooneyham to second 2-1: Fly out, F2 (Popup, 23F, EV 89.4 MPH)
|
Bottom of the 1st over - 0 runs, 0 hits, 1 error, 2 left on base; Frederick 0 - Lynchburg 0 |
TOP OF THE 2ND |
Frederick Keys batting - Pitching for Lynchburg Hillcats : RHP Nick Pereira
|
Batting: RHB Eddy Martinez-Esteve
|
0-0: Ball 1-0: Swinging Strike 1-1: Ground out 2-3 (Groundball, 13S, EV 63.1 MPH)
|
Batting: RHB Kevys Garcia
|
0-0: Ball 1-0: Ground out 4-3 (Groundball, 4S, EV 86.9 MPH)
|
Batting: RHB Tim Frend
|
0-0: Called Strike 0-1: Hit by Pitch
|
Batting: RHB Joey Gillikin
|
0-0: Foul Ball, location: 2LF 0-1: Ball 1-1: Fly out, F3 (Popup, 34S, EV 84.4 MPH)
|
Top of the 2nd over - 0 runs, 0 hits, 0 errors, 1 left on base; Frederick 0 - Lynchburg 0 |
BOTTOM OF THE 2ND |
Lynchburg Hillcats batting - Pitching for Frederick Keys : RHP Nick DeBarr
|
Batting: RHB Casey Kopitzke
|
0-0: Called Strike 0-1: Ball 1-1: Swinging Strike 1-2: Ball 2-2: Ground out 5-3 (Groundball, 56S, EV 68.8 MPH)
|
Batting: RHB Bobby Deeb
|
0-0: Ground out 6-3 (Groundball, 6S, EV 90.0 MPH)
|
Batting: RHB Oscar Gamboa
|
0-0: Called Strike 0-1: SINGLE (Line Drive, 7LS, EV 102.5 MPH)
|
Batting: RHB Ransel Melgarejo
|
0-0: Foul Ball, location: 2F 0-1: Ball 1-1: Called Strike 1-2: Ball Oscar Gamboa is caught stealing 2nd base 2-4
|
Bottom of the 2nd over - 0 runs, 1 hit, 0 errors, 0 left on base; Frederick 0 - Lynchburg 0 |
TOP OF THE 3RD |
Frederick Keys batting - Pitching for Lynchburg Hillcats : RHP Nick Pereira
|
Batting: RHB Brandon Rogers
|
0-0: Ball 1-0: Called Strike 1-1: Called Strike 1-2: Strikes out swinging
|
Batting: RHB Jose Reguera
|
0-0: Ball 1-0: Ball 2-0: Called Strike 2-1: Ground out 3-1 (Groundball, 34, EV 88.8 MPH)
|
Batting: RHB Aneury Almonte
|
0-0: Foul Ball, location: 2F 0-1: Ball 1-1: Called Strike 1-2: Ball 2-2: Strikes out swinging
|
Top of the 3rd over - 0 runs, 0 hits, 0 errors, 0 left on base; Frederick 0 - Lynchburg 0 |
BOTTOM OF THE 3RD |
Lynchburg Hillcats batting - Pitching for Frederick Keys : RHP Nick DeBarr
|
Batting: RHB Ransel Melgarejo
|
0-0: Ball 1-0: Foul Ball, location: 9LDF 1-1: Swinging Strike 1-2: Foul Ball, location: 5FF 1-2: Strikes out swinging
|
Batting: LHB James Cooper
|
0-0: Swinging Strike 0-1: Ball 1-1: Ball 2-1: Swinging Strike 2-2: Ground out U3 (Groundball, 3, EV 84.4 MPH)
|
Batting: RHB Chris Hall
|
0-0: Ball 1-0: Ground out 6-3 (Groundball, 6S, EV 92.5 MPH)
|
Bottom of the 3rd over - 0 runs, 0 hits, 0 errors, 0 left on base; Frederick 0 - Lynchburg 0 |
TOP OF THE 4TH |
Frederick Keys batting - Pitching for Lynchburg Hillcats : RHP Nick Pereira
|
Batting: RHB Jose Guzman
|
0-0: Ball 1-0: Ball 2-0: Ball 3-0: Base on Balls
|
Pitching: RHP Jeffrey Kamrath
|
|
Batting: RHB Nelson Martinez
|
0-0: Ball 1-0: Called Strike 1-1: Called Strike 1-2: Grounds into double play, 6-4-3 (Groundball, 6S, EV 88.8 MPH)
|
Batting: RHB Eddy Martinez-Esteve
|
0-0: Ball 1-0: Ball 2-0: Ball 3-0: Swinging Strike 3-1: Base on Balls
|
Batting: RHB Kevys Garcia
|
0-0: Ball 1-0: Ball 2-0: Ball 3-0: Base on Balls Eddy Martinez-Esteve to second
|
Batting: RHB Tim Frend
|
0-0: Ball 1-0: Ball 2-0: Ball 3-0: Called Strike 3-1: Foul Ball, location: 2F 3-2: Fly out, F9 (Flyball, 9S, EV 87.5 MPH)
|
Top of the 4th over - 0 runs, 0 hits, 0 errors, 2 left on base; Frederick 0 - Lynchburg 0 |
BOTTOM OF THE 4TH |
Lynchburg Hillcats batting - Pitching for Frederick Keys : RHP Nick DeBarr
|
Batting: RHB Grant Psomas
|
0-0: Ground out 6-3 (Groundball, 6, EV 95.0 MPH)
|
Batting: LHB Jason Mooneyham
|
0-0: Foul Ball, location: 5FF 0-1: Foul Ball, location: 7LDF 0-2: Foul Ball, location: 2F 0-2: Ball 1-2: Foul Ball, location: 7LMF 1-2: Ball 2-2: Strikes out swinging
|
Batting: RHB Scott Beshears
|
0-0: Ground out 3-1 (Groundball, 34S, EV 76.9 MPH)
|
Bottom of the 4th over - 0 runs, 0 hits, 0 errors, 0 left on base; Frederick 0 - Lynchburg 0 |
TOP OF THE 5TH |
Frederick Keys batting - Pitching for Lynchburg Hillcats : RHP Jeffrey Kamrath
|
Batting: RHB Joey Gillikin
|
0-0: Ground out 1-3 (Groundball, 15S, EV 65.0 MPH)
|
Batting: RHB Brandon Rogers
|
0-0: Ball 1-0: Called Strike 1-1: Called Strike 1-2: Fly out, F8 (Flyball, 8LM, EV 85.6 MPH)
|
Batting: RHB Jose Reguera
|
0-0: Ball 1-0: SOLO HOME RUN (Flyball, 8LXD, EV 105.6 MPH), Distance : 410 ft
|
Pitching: RHP James Holcomb
|
|
Batting: RHB Aneury Almonte
|
0-0: Ball 1-0: Bunted foul 1-1: Ball 2-1: Ball 3-1: Foul Ball, location: 9LDF 3-2: SOLO HOME RUN (Flyball, 7LD, EV 95.6 MPH), Distance : 336 ft
|
Batting: RHB Jose Guzman
|
0-0: Ball 1-0: Ball 2-0: SINGLE (Line Drive, 4D, EV 99.4 MPH)
|
Batting: RHB Nelson Martinez
|
0-0: Foul Ball, location: 2F 0-1: Fly out, F9 (Line Drive, 9S, EV 96.9 MPH)
|
Top of the 5th over - 2 runs, 3 hits, 0 errors, 1 left on base; Frederick 2 - Lynchburg 0 |
BOTTOM OF THE 5TH |
Lynchburg Hillcats batting - Pitching for Frederick Keys : RHP Nick DeBarr
|
Batting: RHB Casey Kopitzke
|
0-0: Fly out, F8 (Flyball, 8RXD, EV 106.3 MPH)
|
Batting: RHB Bobby Deeb
|
0-0: Called Strike 0-1: Swinging Strike 0-2: Ball 1-2: Ball 2-2: Foul Ball, location: 3DF 2-2: Ball 3-2: Strikes out swinging
|
Batting: RHB Oscar Gamboa
|
0-0: Ball 1-0: SINGLE (Line Drive, 9S, EV 95.0 MPH)
|
Batting: RHB Ransel Melgarejo
|
0-0: Called Strike 0-1: Ball 1-1: Ground out 5-3 (Groundball, 15, EV 78.8 MPH)
|
Bottom of the 5th over - 0 runs, 1 hit, 0 errors, 1 left on base; Frederick 2 - Lynchburg 0 |
TOP OF THE 6TH |
Frederick Keys batting - Pitching for Lynchburg Hillcats : RHP James Holcomb
|
Batting: RHB Eddy Martinez-Esteve
|
0-0: Ball 1-0: Ground out 4-3 (Groundball, 4, EV 92.5 MPH)
|
Batting: RHB Kevys Garcia
|
0-0: Ball 1-0: Fly out, F5 (Popup, 5SF, EV 75.0 MPH)
|
Batting: RHB Tim Frend
|
0-0: Called Strike 0-1: Swinging Strike 0-2: Strikes out swinging
|
Top of the 6th over - 0 runs, 0 hits, 0 errors, 0 left on base; Frederick 2 - Lynchburg 0 |
BOTTOM OF THE 6TH |
Lynchburg Hillcats batting - Pitching for Frederick Keys : RHP Nick DeBarr
|
Batting: LHB James Cooper
|
0-0: Foul Ball, location: 25F 0-1: Ground out 6-3 (Groundball, 6, EV 85.6 MPH)
|
Batting: RHB Chris Hall
|
0-0: SINGLE (Line Drive, 78M, EV 93.1 MPH)
|
Batting: RHB Grant Psomas
|
0-0: Called Strike 0-1: Swinging Strike 0-2: Foul Ball, location: 5F 0-2: Foul Ball, location: 2F 0-2: Ball Chris Hall steals 2nd base 1-2: Ball 2-2: Foul Ball, location: 9LDF 2-2: Fly out, F9 (Flyball, 9, EV 93.1 MPH)
|
Batting: LHB Jason Mooneyham
|
0-0: Fly out, F8 (Flyball, 8LD, EV 95.0 MPH)
|
Bottom of the 6th over - 0 runs, 1 hit, 0 errors, 1 left on base; Frederick 2 - Lynchburg 0 |
TOP OF THE 7TH |
Frederick Keys batting - Pitching for Lynchburg Hillcats : RHP James Holcomb
|
Batting: RHB Joey Gillikin
|
0-0: Swinging Strike 0-1: Called Strike 0-2: Foul Ball, location: 25FF 0-2: Foul Ball, location: 25F 0-2: Fly out, F8 (Flyball, 8LS, EV 90.0 MPH)
|
Pitching: RHP Clint Everts
|
|
Batting: RHB Brandon Rogers
|
0-0: Ball 1-0: Called Strike 1-1: Swinging Strike 1-2: Strikes out looking
|
Batting: RHB Jose Reguera
|
0-0: Called Strike 0-1: Swinging Strike 0-2: Ball 1-2: Foul Ball, location: 7LSF 1-2: Strikes out looking
|
Top of the 7th over - 0 runs, 0 hits, 0 errors, 0 left on base; Frederick 2 - Lynchburg 0 |
BOTTOM OF THE 7TH |
Lynchburg Hillcats batting - Pitching for Frederick Keys : RHP Nick DeBarr
|
Batting: RHB Scott Beshears
|
0-0: Ball 1-0: Called Strike 1-1: Ground out 6-3 (Groundball, 6, EV 81.9 MPH)
|
Pitching: RHP Buddy Hernandez
|
|
Batting: RHB Casey Kopitzke
|
0-0: Ball 1-0: Ball 2-0: Ball 3-0: Called Strike 3-1: Base on Balls
|
Pinch Hitting: RHB Samuel DelOrbe
|
0-0: Foul Ball, location: 2F 0-1: Called Strike 0-2: Foul Ball, location: 2F 0-2: Grounds into double play, 6-4-3 (Groundball, 6, EV 88.8 MPH)
|
Bottom of the 7th over - 0 runs, 0 hits, 0 errors, 0 left on base; Frederick 2 - Lynchburg 0 |
TOP OF THE 8TH |
Frederick Keys batting - Pitching for Lynchburg Hillcats : RHP Clint Everts
|
Now at 2B: Samuel DelOrbe
|
|
Batting: RHB Aneury Almonte
|
0-0: Called Strike 0-1: Called Strike 0-2: Strikes out swinging
|
Batting: RHB Jose Guzman
|
0-0: Ball 1-0: Fly out, F7 (Flyball, 7D, EV 106.9 MPH)
|
Batting: RHB Nelson Martinez
|
0-0: Fly out, F7 (Flyball, 78S, EV 87.5 MPH)
|
Top of the 8th over - 0 runs, 0 hits, 0 errors, 0 left on base; Frederick 2 - Lynchburg 0 |
BOTTOM OF THE 8TH |
Lynchburg Hillcats batting - Pitching for Frederick Keys : RHP Buddy Hernandez
|
Pinch Hitting: LHB Ryan Sweeney
|
0-0: Called Strike 0-1: Called Strike 0-2: Ball 1-2: Foul Ball, location: 7LDF 1-2: Strikes out swinging
|
Batting: RHB Ransel Melgarejo
|
0-0: Called Strike 0-1: Ground out 5-3 (Groundball, 56, EV 88.8 MPH)
|
Batting: LHB James Cooper
|
0-0: Ball 1-0: Ball 2-0: Foul Ball, location: 5DF 2-1: Foul Ball, location: 7LSF 2-2: Ball 3-2: Foul Ball, location: 7LSF 3-2: SINGLE (Groundball, 56D, EV 101.3 MPH)
|
Pitching: RHP Ben Thurmond
|
|
Batting: RHB Chris Hall
|
0-0: Ball 1-0: Called Strike 1-1: Foul Ball, location: 2F 1-2: Strikes out swinging
|
Bottom of the 8th over - 0 runs, 1 hit, 0 errors, 1 left on base; Frederick 2 - Lynchburg 0 |
TOP OF THE 9TH |
Frederick Keys batting - Pitching for Lynchburg Hillcats : RHP Clint Everts
|
Now in LF: Ryan Sweeney
|
|
Batting: RHB Eddy Martinez-Esteve
|
0-0: Ground out 5-3 (Groundball, 5, EV 81.9 MPH)
|
Batting: RHB Kevys Garcia
|
0-0: Foul Ball, location: 2F 0-1: Called Strike 0-2: Ball 1-2: Ball 2-2: SINGLE (Popup, 4MD, EV 64.4 MPH)
|
Batting: RHB Tim Frend
|
0-0: Ball 1-0: Fly out, F4 (Line Drive, 4, EV 77.5 MPH)
|
Batting: RHB Joey Gillikin
|
0-0: Swinging Strike 0-1: Swinging Strike 0-2: Ball 1-2: Ball 2-2: Ball Kevys Garcia is caught stealing 2nd base 2-4
|
Top of the 9th over - 0 runs, 1 hit, 0 errors, 0 left on base; Frederick 2 - Lynchburg 0 |
BOTTOM OF THE 9TH |
Lynchburg Hillcats batting - Pitching for Frederick Keys : RHP Ben Thurmond
|
Pitching: RHP Jim Miller
|
|
Batting: RHB Grant Psomas
|
0-0: Swinging Strike 0-1: Ball 1-1: Ball 2-1: Ball 3-1: Foul Ball, location: 9LSF 3-2: Fly out, F8 (Flyball, 89D, EV 105.6 MPH)
|
Batting: LHB Jason Mooneyham
|
0-0: Ball 1-0: Ball 2-0: Called Strike 2-1: Ball 3-1: Base on Balls
|
Batting: RHB Scott Beshears
|
0-0: Called Strike 0-1: Swinging Strike 0-2: Ball 1-2: Ball 2-2: Hit by Pitch Jason Mooneyham to second
|
Batting: RHB Casey Kopitzke
|
0-0: Ball 1-0: Ball 2-0: Called Strike 2-1: Called Strike 2-2: Ball 3-2: Fly out, F7 (Line Drive, 7, EV 95.6 MPH)
|
Pitching: RHP Chris McGee
|
|
Batting: RHB Samuel DelOrbe
|
0-0: Ball 1-0: Ball 2-0: Fielders Choice at 2nd, 6-4 (Groundball, 6, EV 88.8 MPH)
|
Bottom of the 9th over - 0 runs, 0 hits, 0 errors, 2 left on base; Frederick 2 - Lynchburg 0 |
|